Map: Ascension to Aiur LE

Players

KiltedDrake - Winner!

  • Race: Protoss Protoss
  • League: Silver
  • Spawn Location: 5:00

Juxtapose

  • Race: Protoss Protoss
  • League: Gold
  • Spawn Location: 11:00

VOD

https://youtu.be/dusJCGeKRJM

Description

My second game as Protoss since the 4.x patch, and I still haven't figured out their early game. As I asked my opponent, it seems that expanding traditionally as Protoss isn't the best of ideas.

Post-match we did indeed have a good conversation about the match up and Protoss in general, and KiltedDrake gave me some very helpful tips!

Time

  • Played on: Nov. 18, 2017, 4:44 p.m.
  • Length: 7:14
Show
View Real Time Build Order
Export as new Build Order

KiltedDrake Protoss - Winner!

Build Orders:  

Get SALT Encoding   

  12  0:00  Probe  
  13  0:13  Probe  
  14  0:19  Pylon  
  14  0:25  Probe (Chrono Boost)  
  15  0:39  Probe (Chrono Boost)  
  15  0:40  Gateway  
  16  0:49  Probe  
  17  0:53  Assimilator  
  17  1:01  Probe  
  18  1:13  Probe  
  19  1:22  Gateway  
  19  1:30  Cybernetics Core  
  19  1:32  Zealot  
  19  1:35  Probe (Chrono Boost)  
  23  1:47  Probe (Chrono Boost)  
  23  1:51  Gateway  
  22  2:01  Gateway  
  22  2:06  Warp Gate (Chrono Boost)  
  22  2:19  Pylon  
  22  2:37  Stalker  
  24  2:51  Stalker  
  26  2:57  Probe  
  27  3:02  Pylon  
  27  3:15  Stalker  
  27  3:16  Pylon  
  29  3:24  Stalker  
  31  3:31  Pylon  
  31  3:58  Stalker x3  
  37  4:12  Stalker  
  39  4:25  Stalker  
  39  4:26  Zealot x2  
  45  4:40  Pylon  
  41  5:07  Stalker x2  
  41  5:08  Zealot x2  
  41  5:30  Zealot x2  
  41  5:31  Zealot  
  41  5:57  Stalker x3  
  41  5:58  Zealot  
  43  6:45  Pylon  
  43  6:47  Nexus  
Show
View Real Time Build Order
Export as new Build Order

Juxtapose Protoss 

Build Orders:  

Get SALT Encoding   

  12  0:01  Probe (Chrono Boost)  
  13  0:13  Probe (Chrono Boost)  
  14  0:20  Pylon  
  14  0:22  Probe  
  15  0:38  Probe  
  15  0:42  Gateway  
  16  0:50  Probe  
  16  0:52  Assimilator  
  17  1:02  Probe (Chrono Boost)  
  18  1:04  Pylon  
  18  1:14  Probe (Chrono Boost)  
  19  1:22  Assimilator, Probe (Chrono Boost)  
  20  1:30  Cybernetics Core  
  20  1:45  Zealot  
  22  1:50  Probe  
  23  1:54  Pylon  
  23  2:02  Probe  
  24  2:10  Warp Gate  
  24  2:16  Shield Battery  
  24  2:18  Probe  
  27  2:37  Sentry (Chrono Boost)  
  27  2:41  Nexus  
  27  2:42  Probe  
  28  2:50  Forge  
  30  3:02  Zealot (Chrono Boost)  
  30  3:17  Pylon  
  30  3:18  Probe  
  31  3:23  Zealot (Chrono Boost)  
  33  3:27  Protoss Ground Weapons Level 1  
  33  3:30  Probe  
  34  3:42  Probe  
  34  3:43  Pylon  
  34  3:46  Pylon  
  36  3:57  Probe (Chrono Boost)  
  37  4:03  Shield Battery  
  37  4:04  Probe (Chrono Boost)  
  37  4:06  Shield Battery, Probe  
  39  4:18  Probe (Chrono Boost)  
  39  4:20  Probe (Chrono Boost)  
  40  4:26  Robotics Facility  
  40  4:29  Gateway  
  40  4:31  Probe (Chrono Boost)  
  41  4:38  Stalker  
  43  4:40  Probe x2  
  45  4:52  Probe x2  
  47  5:04  Probe x2  
  47  5:07  Stalker  
  38  5:22  Zealot  
  34  5:31  Stalker  
  29  5:38  Gateway  
  29  5:39  Gateway  
  29  5:49  Stalker  
  27  6:00  Immortal (Chrono Boost)  
  27  6:04  Stalker  
  27  6:20  Pylon  
Tags
 
Add a new tag
Caveats
  • Supply blocks, unpowered buildings, or Contaminate may cause inaccurate times.
  • Supply counts are checked every 10 seconds.